 Dungeon Crawl Stone Soup version 0.30.1-4-g462c640d31 (webtiles) character file.

Game seed: 5657230445017579398

353 Zeor the Twirler (level 6, 0/36 HPs)
             Began as a Deep Elf Gladiator on Sept 6, 2023.
             Slain by an orc priest
             ... wielding a +0 trident
              (4 damage)
             ... on level 4 of the Dungeon.
             The game lasted 00:16:27 (3340 turns).

Zeor the Twirler (Deep Elf Gladiator)               Turns: 3340, Time: 00:16:28

Health: 0/36       AC:  6    Str: 11    XL:     6   Next: 35%
Magic:  12/12      EV: 14    Int: 15    God:
Gold:   106        SH:  0    Dex: 22    Spells: 9/11 levels left

rFire   . . .        a - +1 quarterstaff
rCold   . . .        (shield currently unavailable)
rNeg    . . .        b - +0 leather armour
rPois   .            c - +1 helmet
rElec   .            (no cloak)
rCorr   .            (no gloves)
SInv    .            f - +0 pair of boots
Will    .....        (no amulet)
Stlth   ++           k - +6 ring of dexterity
HPRegen 0.26/turn    (no ring)
MPRegen 0.13/turn

%: no passive effects
@: no status effects
A: no striking features
a: no special abilities


You were on level 4 of the Dungeon.
You visited 1 branch of the dungeon, and saw 4 of its levels.
You also visited: Sewer.

You collected 129 gold pieces.
You spent 23 gold pieces at shops.

Inventory:

Hand Weapons
 a - a +1 quarterstaff (weapon)
 i - a +0 hand axe of flaming
 w - a +1 dagger of venom
Missiles
 d - 3 throwing nets
 e - a javelin
 n - 4 boomerangs (quivered)
 u - 2 poisoned darts
 y - 6 boomerangs of dispersal
Armour
 b - a +0 leather armour (worn)
 c - a +1 helmet (worn)
 f - a +0 pair of boots (worn)
Jewellery
 k - a +6 ring of dexterity (left hand)
Scrolls
 j - a scroll of enchant armour
 l - 2 scrolls of immolation
 q - a scroll of enchant weapon
 r - a scroll of blinking
 x - a scroll of identify
 A - a scroll of poison
Potions
 g - a potion of berserk rage {unknown}
 m - 2 potions of curing
 o - a potion of flight
 p - a potion of haste
 s - a potion of mutation {unknown}
 v - a potion of invisibility {unknown}
 z - a potion of brilliance {unknown}


   Skills:
 + Level 2.3 Fighting
 * Level 5.4 Staves
 + Level 2.0 Throwing
 + Level 1.2 Armour
 * Level 4.6 Dodging
 + Level 0.8 Stealth
 * Level 3.0 Spellcasting
 * Level 0.1 Air Magic


You had 9 spell levels left.
You knew the following spells:

 Your Spells              Type           Power      Damage    Failure   Level
a - Cigotuvi's Dreadful   Necr/Pois/Air  4%         N/A       36%         2

Your spell library contained the following spells:

 Spells                   Type           Power      Damage    Failure   Level
 Sandblast                Erth           4%         2d4       26%         1
 Lesser Beckoning         Tloc           4%         N/A       36%         2
 Passwall                 Tmut/Erth      1%         N/A       36%         2
 Gell's Gravitas          Tloc           2%         N/A       61%         3
 Ignite Poison            Fire/Tmut/Pois 2%         N/A       61%         3
 Stone Arrow              Conj/Erth      4%         3d7       61%         3
 Teleport Other           Tloc           2%         N/A       61%         3
 Freezing Cloud           Conj/Ice/Air   1%         6-21      100%        5
 Dispersal                Tloc           1%         N/A       100%        6


Dungeon Overview and Level Annotations

Branches:
Dungeon (4/15)              Sewer (visited)
 Temple: D:4-7

Altars:
Qazlal

Shops:
D:1 *:*[


Message History

You kill the orc!
Your Spellcasting skill increases to level 3!
Items here: ))) [[ †.
Items here: ))) [[ †.
An orc wizard and 2 quokkas come into view.
An orc wizard, an orc priest and 2 orcs come into view.
Found a scroll of enchant weapon and a leather armour.
The orc priest shouts!
The orc shouts! x2
The orc wizard shouts loudly.
Items here: ))) [[ †.
You hit the quokka but do no damage. The quokka closely misses you.
The quokka bites you but does no damage.
You hit the quokka.
The quokka is severely wounded.
The orc priest looks braver for a moment.
The quokka bites you but does no damage.
You sock the quokka!
You kill the quokka!
The orc priest invokes the aid of Beogh against you.
Beogh smites you!
The orc priest mumbles some strange prayers to Beogh against you.
You struggle to resist.
The quokka bites you but does no damage.
The orc hits you from afar with a +0 trident.
Items here: ))) [[ ††.
You hit the orc priest.
The orc priest is moderately wounded.
The quokka bites you but does no damage.
The orc priest hits you with a +0 trident!
The orc barely misses you. The quokka misses you.
You hit the orc priest but do no damage.
The orc priest is moderately wounded.
The orc priest invokes the aid of Beogh against you.
Beogh smites you!
* * * LOW HITPOINT WARNING * * *
The orc closely misses you. The quokka barely misses you.
You hit the orc priest.
The orc priest is heavily wounded.
The orc priest hits you with a +0 trident.
You die...

▒∙∙>∙∙∙∙∙∙▒ ▒∙
▒∙∙∙∙∙∙∙∙∙▒ ▒∙ ▒
▒∙∙∙∙∙∙∙∙∙▒ ▒∙
▒∙▒▒▒∙∙∙∙∙∙∙∙∙▒▒▒▒▒▒▒▒▒∙
∙▒∙∙∙∙∙∙∙∙∙∙∙∙∙'∙∙∙∙∙∙∙∙∙
∙∙∙∙∙∙∙∙∙∙∙∙∙∙∙▒▒▒▒▒▒▒▒▒▒
∙∙∙∙∙∙∙∙∙∙▒▒▒▒▒▒
∙∙∙∙∙∙∙∙roo∙▒▒▒
▒▒▒▒▒▒■▒e▒▒∙∙r▒▒▒▒▒▒
▒∙▒▒▒▒o∙∙∙∙∙▒
▒▒▒▒▒▒▒▒∙▒∙∙∙∙∙∙∙▒∙∙∙
∙∙∙∙∙∙∙∙∙▒∙∙∙r∙∙∙∙∙∙?
▒▒▒▒▒▒▒▒▒▒∙∙∙∙∙∙∙∙∙∙∙
▒∙o∙o∙∙∙∙∙∙[ ▒∙∙∙∙∙∙∙▒▒▒▒
▒∙∙o∙∙∙∙▒ ▒∙o∙∙∙∙∙▒


You could see an orc priest, an orc and a quokka.

Vanquished Creatures
  A kobold brigand (Sewer)
  A hound (D:4)
  An iguana (D:4)
  3 gnolls (D:4)
  6 adders
  2 river rats (Sewer)
  4 worms
  4 dart slugs
  8 orcs
  7 endoplasms
  13 giant cockroaches
  4 goblins
  5 hobgoblins
  2 jackals (D:2)
  16 kobolds
  2 quokkas
  12 ball pythons
  7 bats
  2 frilled lizards
  5 rats
105 creatures vanquished.

Notes
Turn   | Place    | Note
-------+----------+-------------------------------------------
     0 | D:1      | Zeor the Deep Elf Gladiator began the quest for the Orb.
     0 | D:1      | Reached XP level 1. HP: 12/12 MP: 3/3
    80 | D:1      | Found Luorph's Armour Emporium.
   205 | D:1      | Found Lyosmyow's Book Emporium.
   208 | D:1      | Found Nownoeny's General Store.
   253 | D:1      | Found Gungerph's Assorted Antiques.
   260 | D:1      | Bought a scroll labelled JAMEOTS TAATUS for 23 gold pieces
   267 | D:1      | Reached XP level 2. HP: 16/16 MP: 4/4
   349 | D:1      | Found a faded altar of an unknown god.
   778 | D:2      | Reached XP level 3. HP: 21/21 MP: 5/5
   890 | D:2      | Reached skill level 1 in Spellcasting
  1004 | D:2      | Reached skill level 4 in Staves
  1072 | D:2      | Reached XP level 4. HP: 23/26 MP: 7/7
  1533 | D:3      | Found a stormy altar of Qazlal.
  1641 | D:3      | Found a glowing drain.
  1646 | Sewer    | Entered a sewer
  1899 | Sewer    | Reached XP level 5. HP: 30/30 MP: 9/9
  2019 | Sewer    | Reached skill level 5 in Staves
  2422 | D:3      | Learned a level 2 spell: Cigotuvi's Dreadful Rot
  2976 | D:4      | Reached XP level 6. HP: 17/35 MP: 11/11
  2996 | D:4      | Reached skill level 1 in Armour
  3340 | D:4      | Slain by an orc priest

Illustrated notes

Levels and vault maps discovered:
D:1:      wander_arrival_estate, layout_rooms,
          shapermc_ecumenical_altar_notcrosses, serial_shops,
          nicolae_shop_pleasant_corner_grove, shop, nicolae_shop_hallway_plus,
          shop, chequers_serial_rivers_large_b, kennysheep_minor_cross
D:2:      minmay_roachtagon, layout_basic
D:3:      layout_loops_corners, mainiacjoe_overflow_concentric_impassable,
          portal_sewer_entry_e
D:4:      layout_basic

Skill      XL: |  1  2  3  4  5  6 |
---------------+-------------------+-----
Dodging        | 4 |  4.6
Spellcasting   | 1 2 3 |  3.0
Staves         | 4 5 |  5.4
Fighting       | 2 |  2.3
Armour         | 1 |  1.2
Throwing       | |  2.0
Stealth        | |  0.8
Air Magic      | |  0.1

Action                     |  1- 3 |  4- 6 || total
---------------------------+-------+-------++-------
  Melee: Quarterstaff      |   123 |   226 ||   349
  Throw: Boomerang         |     2 |     3 ||     5
    Use: Scroll            |     5 |     8 ||    13
         Potion            |       |     6 ||     6
   Stab: Sleeping          |     1 |     3 ||     4
 Armour: Leather armour    |    42 |    63 ||   105
         Skin              |       |     7 ||     7
  Dodge: Dodged            |    98 |   170 ||   268
